 Dungeon Crawl Stone Soup version 0.25-a0-448-g1f46b9f714 (webtiles) character file.

Game seed: 9318453282643886719, levelgen mode: deterministic

17140 kae the Severer (level 12, -1/110 HPs)
             Began as a Minotaur Fighter on Jan 31, 2020.
             Was a Follower of Makhleb.
             Slain by a nine-headed hydra (10 damage)
             ... on level 3 of the Lair of Beasts.
             The game lasted 00:10:56 (11781 turns).

kae the Severer (Minotaur Fighter)                 Turns: 11781, Time: 00:10:56

Health: -1/110     AC: 20    Str: 36    XL:     12   Next: 16%
Magic:  0/14       EV: 10    Int:  8    God:    Makhleb [*.....]
Gold:   624        SH: 10    Dex:  6    Spells: 11/11 levels left

rFire    + + +     SeeInvis .   b - +4 scimitar (flame)
rCold    . . .     Gourm    .   c - +0 shield
rNeg     . . .     Faith    .   A - +7 ring mail of Elyvilon's Castigation {rF++ rCorr Int-2 Stlth+}
rPois    +         Spirit   +   U - +1 hat
rElec    .         Reflect  .   n - +2 cloak {rPois}
rCorr    +         Harm     .   R - +0 pair of gloves
MR       .....                  (no boots)
Stlth    ..........             C - amulet of guardian spirit
HPRegen  0.28/turn              E - ring "Fekap" {Str+4 Int+5}
MPRegen  0.14/turn              I - ring of Xaozic {rPois rF+ Str+5 Dex-3 Stlth-}

@: very slightly contaminated
A: retaliatory headbutt, horns 2
a: Renounce Religion


You were on level 3 of the Lair of Beasts.
You worshipped Makhleb.
Makhleb was aware of your devotion.
You were hungry.

You visited 3 branches of the dungeon, and saw 14 of its levels.
You also visited: Sewer.

You collected 856 gold pieces.
You spent 232 gold pieces at shops.

Inventory:

Hand Weapons
 a - a +2 war axe
 b - a +4 scimitar of flaming (weapon)
Armour
 c - a +0 shield (worn)
 n - a +2 cloak of poison resistance (worn)
 A - the +7 ring mail of Elyvilon's Castigation (worn) {rF++ rCorr Int-2 Stlth+}
   (You found it on level 5 of the Dungeon)

   It affects your intelligence (-2).
   It greatly protects you from fire.
   It provides partial protection from all sources of acid and corrosion.
   It makes you more stealthy.
   If you remove this armour, your AC will fall 14 points (20 -> 6)
 R - a +0 pair of gloves (worn)
 U - a +1 hat (worn)
Jewellery
 s - an uncursed ring of magical power
 C - an amulet of guardian spirit (around neck)
 D - a +3 ring of evasion
 E - the ring "Fekap" (left hand) {Str+4 Int+5}
   (You found it on level 6 of the Dungeon)

   [ring of intelligence]

   It affects your strength (+4).
   It affects your intelligence (+5).
 H - the ring "Pielifee" {*Tele +Blink MR+}
   (You found it on level 8 of the Dungeon)

   [ring of teleportation]

   It may teleport you next to monsters.
   It affects your resistance to hostile enchantments.
   It lets you blink.
 I - the ring of Xaozic (right hand) {rPois rF+ Str+5 Dex-3 Stlth-}
   (You found it on level 8 of the Dungeon)

   [ring of attention]

   It affects your strength (+5).
   It affects your dexterity (-3).
   It protects you from fire.
   It protects you from poison.
   It makes you less stealthy.
 J - the ring "Iciu" {rC+ MP+9 Str-3 Int+2}
   (You found it on level 8 of the Dungeon)

   [ring of strength]

   It affects your strength (-3).
   It affects your intelligence (+2).
   It protects you from cold.
   It affects your magic capacity (+9).
 K - the amulet "Ynum" {Inacc rF+ MR+ Str+3}
   (You found it on level 8 of the Dungeon)

   [amulet of inaccuracy]

   It reduces the accuracy of all your attacks.
   It affects your strength (+3).
   It protects you from fire.
   It affects your resistance to hostile enchantments.
Wands
 e - a wand of polymorph (19)
 g - a wand of enslavement (5)
 v - a wand of clouds (7)
 y - a wand of acid (20)
 N - a wand of iceblast (13)
 O - a wand of flame (40)
 S - a wand of digging (8)
 T - a wand of scattershot (6)
Scrolls
 h - 4 scrolls of amnesia
 m - 14 scrolls of remove curse
 t - 5 scrolls of identify
 u - a scroll of blinking
 z - 3 scrolls of magic mapping
 F - 5 scrolls of teleportation
 M - 4 scrolls of enchant armour
 Q - a scroll of fog
Potions
 d - 4 potions of might
 i - 4 potions of lignification
 j - 7 potions of curing
 k - a potion of ambrosia
 l - 2 potions of invisibility
 o - a potion of cancellation
 p - 3 potions of flight
 q - 3 potions of haste
 w - 3 potions of agility
 x - a potion of brilliance
 B - 2 potions of mutation
 G - 2 potions of magic
 L - a potion of heal wounds
 P - a potion of berserk rage
Comestibles
 f - 21 rations


   Skills:
 - Level 11.0 Fighting
 - Level 16.0 Axes
 - Level 11.0 Armour
 - Level 6.1 Dodging
 - Level 3.6 Shields
 + Level 4.3 Invocations


You had 11 spell levels left.
You didn't know any spells.
Your spell library contained the following spells:

 Spells                   Type           Power        Failure   Level  Hunger
 Animate Skeleton         Necr           N/A          94%         1    ##.....
 Pain                     Necr           #...         94%         1    ##.....
 Shock                    Conj/Air       #...         94%         1    ##.....
 Swiftness                Chrm/Air       #.......     98%         2    ###....
 Static Discharge         Conj/Air       #.......     100%        3    ####...
 Vampiric Draining        Necr           #.........   100%        3    ####...
 Airstrike                Air            #.........   100%        4    #####..
 Animate Dead             Necr           N/A          100%        4    #####..
 Agony                    Necr           #.......     100%        5    ######.
 Lightning Bolt           Conj/Air       #.........   100%        5    ######.


Dungeon Overview and Level Annotations

Branches:
Dungeon (10/15)            Temple (1/1) D:7            Lair (3/6) D:9
 Shoals (0/4) Lair:2        Snake (0/4) Lair:3          Orc (0/2) D:9
  Sewer (visited)

Altars:
Ashenzari
Cheibriados
Dithmenos
Elyvilon
Fedhas
Gozag
Hepliaklqana
Kikubaaqudgha
Makhleb
Nemelex Xobeh
Okawaru
Qazlal
Ru
Sif Muna
Trog
Uskayaw
Vehumet
Wu Jian
Xom
Yredelemnul
Zin
The Shining One

Shops:
D:4 *   D:6 *   D:9 *

Annotations:
D:6 , 2 transporters


Innate Abilities, Weirdness & Mutations

You reflexively headbutt those who attack you in melee.
You have a pair of horns on your head.


Message History

The nine-headed hydra barely misses you.
The nine-headed hydra bites you but does no damage. x2
The nine-headed hydra bites you.
* * * LOW HITPOINT WARNING * * *
The nine-headed hydra bites you but does no damage.
You block the nine-headed hydra's attack.
The nine-headed hydra bites you.
Blink to where?
Press: ? - help, Dir - move target cursor You are very lightly contaminated with residual magic.
As you read the scroll of blinking, it crumbles to dust.
You block the nine-headed hydra's attack.
The nine-headed hydra bites you.
* * * LOW HITPOINT WARNING * * *
The nine-headed hydra bites you but does no damage.
You block the nine-headed hydra's attack.
The nine-headed hydra barely misses you. x2
The nine-headed hydra bites you but does no damage.
The nine-headed hydra bites you!
You die...

# ## .....# .# #...... .#
....... .# ....... .#
#........# .## #.........
..# # ##........= ..# ##
.##@.......>. ..###
.#######..#D........
....##....#...##.........#
#.............# #........#
#..............###§....#
........)......##.....##
......†..........####.#
......[.........## ##
#................#


You could see a nine-headed hydra.

Vanquished Creatures
  Gastronok (Lair:2)
  A rakshasa (D:8)
  Erica (D:9)
  A hydra (Lair:1)
  The ghost of Rasan the Spear-Bearer, a novice MfFi (D:6)
  An unseen horror (D:8)
  3 black mambas
  4 spiny frogs
  A kobold demonologist (D:6)
  2 rime drakes
  4 komodo dragons
  A tengu conjurer (D:8)
  2 trolls (D:10)
  4 hippogriffs
  A shadow (D:8)
  4 yaks (Lair:1)
  A wyvern (Lair:2)
  2 hungry ghosts
  Edmund (D:4)
  Duvessa (D:6)
  5 porcupines
  4 water moccasins
  An ice beast (D:10)
  An orc warrior (D:8)
  4 phantoms
  3 sky beasts
  3 ogres
  5 centaurs
  4 crocodiles
  12 big kobolds
  6 bullfrogs
  Dowan (D:6)
  2 scorpions
  A killer bee (D:8)
  2 howler monkeys
  A bullfrog zombie (D:9)
  6 crimson imps
  3 hounds
  8 orc wizards
  A quasit (D:5)
  A bullfrog skeleton (D:8)
  2 orc priests
  A centaur skeleton (D:5)
  5 jellies
  Crazy Yiuf (D:6)
  7 iguanas
  11 worker ants
  A hound zombie (D:7)
  A howler monkey zombie (D:9)
  7 gnolls
  20 adders
  2 river rats (Sewer)
  2 shadow imps
  An ooze (D:5)
  An adder zombie (D:5)
  2 worms
  8 leopard geckos
  18 orcs
  5 bats
  8 giant cockroaches
  10 goblins
  7 hobgoblins
  8 jackals
  8 kobolds
  4 quokkas
  6 frilled lizards
  2 quokka skeletons
  11 rats
  A fungus (Lair:3)
271 creatures vanquished.

Notes
Turn   | Place    | Note
-------+----------+-------------------------------------------
     0 | D:1      | kae the Minotaur Fighter began the quest for the Orb.
     0 | D:1      | Reached XP level 1. HP: 19/19 MP: 0/0
   216 | D:1      | Reached skill level 3 in Axes
   304 | D:1      | Reached XP level 2. HP: 26/26 MP: 1/1
  1040 | D:2      | Reached skill level 4 in Axes
  1040 | D:2      | Reached XP level 3. HP: 27/31 MP: 2/2
  1153 | D:2      | Found a shadowy altar of Dithmenos.
  1484 | D:3      | Found a bloodstained altar of Trog.
  1651 | D:3      | Reached skill level 5 in Axes
  1651 | D:3      | Reached XP level 4. HP: 35/39 MP: 3/3
  1754 | D:3      | Reached skill level 6 in Axes
  1789 | D:3      | Reached XP level 5. HP: 32/45 MP: 4/4
  2380 | D:3      | Found a glowing golden altar of the Shining One.
  2593 | D:4      | Reached skill level 7 in Axes
  2639 | D:4      | Reached XP level 6. HP: 42/51 MP: 5/5
  2642 | D:4      | Reached skill level 8 in Axes
  2764 | D:4      | Noticed Edmund
  2772 | D:4      | Killed Edmund
  2772 | D:4      | Reached skill level 9 in Axes
  2772 | D:4      | Reached XP level 7. HP: 38/57 MP: 6/6
  2783 | D:4      | Found a shimmering blue altar of Sif Muna.
  2812 | D:4      | Found a glowing drain.
  2842 | Sewer    | Entered a sewer
  2964 | Sewer    | Found a glowing silver altar of Zin.
  3171 | D:4      | Found Calil's Assorted Antiques.
  3179 | D:4      | Bought a scroll labeled FUGAS UDDAW for 30 gold pieces
  3179 | D:4      | Bought a scroll of identify for 60 gold pieces
  3179 | D:4      | Bought a scroll of identify for 60 gold pieces
  3383 | D:5      | Entered Level 5 of the Dungeon
  3390 | D:5      | Reached skill level 10 in Axes
  3574 | D:5      | Found a shadowy altar of Dithmenos.
  3700 | D:5      | Reached skill level 11 in Axes
  3706 | D:5      | Reached XP level 8. HP: 44/64 MP: 7/7
  3720 | D:5      | Got a crude ring mail
  3731 | D:5      | Identified the +7 ring mail of Elyvilon's Castigation {rF++
                  | rCorr Int-2 Stlth+} (You found it on level 5 of the
                  | Dungeon)
  4176 | D:5      | Reached skill level 12 in Axes
  4185 | D:5      | Noticed a gargoyle
  4742 | D:6      | Found a runed translucent gate.
  4744 | D:6      | Found Xocinoem's Assorted Antiques.
  4745 | D:6      | Noticed Rasan's ghost (novice MfFi)
  4755 | D:6      | Bought a scroll labeled FUGAS UDDAW for 22 gold pieces
  4761 | D:6      | Found a transporter.
  4797 | D:6      | Found a transporter.
  4897 | D:6      | Noticed Duvessa
  4898 | D:6      | Noticed Dowan
  4902 | D:6      | Killed Duvessa
  4922 | D:6      | Reached skill level 13 in Axes
  4925 | D:6      | Killed Dowan
  4980 | D:6      | Found a runed translucent gate.
  4980 | D:6      | Found a runed translucent gate.
  5085 | D:6      | Noticed a kobold demonologist
  5174 | D:6      | Got a shimmering platinum ring
  5306 | D:6      | Found a runed translucent door.
  5307 | D:6      | Noticed Crazy Yiuf
  5354 | D:6      | Killed Crazy Yiuf
  5384 | D:6      | Identified the ring "Fekap" {Str+4 Int+5} (You found it on
                  | level 6 of the Dungeon)
  5575 | D:6      | Reached XP level 9. HP: 67/70 MP: 8/8
  5582 | D:6      | Killed Rasan's ghost
  5582 | D:6      | Reached skill level 14 in Axes
  5593 | D:6      | Killed a kobold demonologist
  5593 | D:6      | Reached skill level 15 in Axes
  5672 | D:7      | Found a staircase to the Ecumenical Temple.
  5680 | Temple   | Entered the Ecumenical Temple
  5788 | D:7      | Found a glowing silver altar of Zin.
  5946 | D:7      | Reached skill level 16 in Axes
  6004 | D:7      | Found a white marble altar of Elyvilon.
  6238 | D:7      | Found a shattered altar of Ashenzari.
  6401 | D:8      | Found an ancient bone altar of Kikubaaqudgha.
  6427 | D:8      | Reached XP level 10. HP: 78/78 MP: 9/9
  6455 | D:8      | Found a snail-covered altar of Cheibriados.
  6455 | D:8      | Found an iron altar of Okawaru.
  6496 | D:8      | You fall into a shaft and drop 1 floor!
  6716 | D:8      | Found a burning altar of Makhleb.
  6863 | D:8      | Reached skill level 5 in Fighting
  6863 | D:8      | Reached skill level 5 in Armour
  7070 | D:8      | Killed an unseen horror
  7362 | D:8      | Got a translucent copper ring
  7385 | D:8      | Noticed a rakshasa
  7391 | D:8      | Killed a rakshasa
  7412 | D:8      | Got a bound jade ring
  7421 | D:8      | Got a steaming tin ring
  7424 | D:8      | Got a transparent sapphire amulet
  7480 | D:8      | Identified the amulet "Ynum" {Inacc rF+ MR+ Str+3} (You
                  | found it on level 8 of the Dungeon)
  7482 | D:8      | Identified the cursed ring "Iciu" {rC+ MP+9 Str-3 Int+2}
                  | (You found it on level 8 of the Dungeon)
  7484 | D:8      | Identified the ring "Pielifee" {*Tele +Blink MR+} (You
                  | found it on level 8 of the Dungeon)
  7486 | D:8      | Identified the ring of Xaozic {rPois rF+ Str+5 Dex-3
                  | Stlth-} (You found it on level 8 of the Dungeon)
  7620 | D:9      | Found a staircase to the Orcish Mines.
  7621 | D:9      | Found a staircase to the Lair.
  7643 | D:9      | Found a hazy altar of Hepliaklqana.
  7708 | D:9      | Noticed Erica
  7714 | D:9      | Killed Erica
  7714 | D:9      | Reached XP level 11. HP: 95/95 MP: 8/10
  7718 | D:9      | Found Baef's General Store.
  7729 | D:9      | Bought a potion of heal wounds for 60 gold pieces
  7813 | D:9      | Found a radiant altar of Vehumet.
  8053 | Lair:1   | Entered Level 1 of the Lair of Beasts
  8115 | Lair:1   | Noticed an eight-headed hydra
  8121 | Lair:1   | HP: 3/95 [yak (2)]
  8521 | D:10     | Entered Level 10 of the Dungeon
  9117 | D:8      | Became a worshipper of Makhleb the Destroyer
  9200 | Lair:1   | Killed a seven-headed hydra
  9542 | Lair:1   | Reached skill level 10 in Fighting
  9542 | Lair:1   | Reached skill level 10 in Armour
 10267 | Lair:2   | Found a staircase to the Shoals.
 10272 | Lair:2   | Reached skill level 1 in Dodging
 11203 | Lair:2   | Noticed Gastronok
 11219 | Lair:2   | Killed Gastronok
 11294 | Lair:3   | Found a staircase to the Snake Pit.
 11300 | Lair:3   | Reached * piety under Makhleb
 11300 | Lair:3   | Reached skill level 1 in Invocations
 11300 | Lair:3   | Reached XP level 12. HP: 110/110 MP: 11/11
 11768 | Lair:3   | Noticed a six-headed hydra
 11781 | Lair:3   | Slain by a nine-headed hydra

Levels and vault maps discovered:
D:1:      shiori_shiawase, layout_basic, roderic_lattice_a, minmay_pentomino_t2
D:2:      layout_basic, first_ration, grunt_dithmenos_smoke_and_mirrors
D:3:      minmay_diamond_boxcup, layout_loops_ring, tso_altar,
          nicolae_overflow_crystal_walls, chequers_serial_rivers_small_b
D:4:      layout_loops_ring, overflow_temple_1_default, gup_sewer_entry_glass,
          serial_shops, nicolae_shop_stone, uniq_edmund
D:5:      kennysheep_windowed_halls, layout_loops_ring, lemuel_doored_altar
D:6:      gammafunk_steamed_eel, layout_rooms, serial_shops, shop,
          gammafunk_ghost_nasty_kobolds, minmay_starry_boxes, uniq_duvessa,
          uniq_crazy_yiuf_cottage
D:7:      layout_loops_cross, zin_scriptorium, elyvilon_altar_1,
          evilmike_ruin_ashenzari, minmay_temple_entry_large_hall
D:8:      minmay_the_grid_triangle_9x9_rhombus_full
          [minmay_the_grid_triangle_9x9_alien,
          minmay_the_grid_triangle_9x9_dagger,
          minmay_the_grid_triangle_9x9_empty,
          minmay_the_grid_triangle_9x9_cache,
          minmay_the_grid_triangle_9x9_odd_lines,
          minmay_the_grid_triangle_9x9_flanged_cone,
          minmay_the_grid_triangle_9x9_pentomino_pain,
          minmay_the_grid_triangle_9x9_prize_special], layout_gridville,
          lemuel_round_altar, amethyst_overflow_temple_binary, basic_altar
D:9:      layout_roguey, vehumet_altar_wand_db, nicolae_overflow_hidden_temple,
          lair_entry_dummy, orc_0_dummy, serial_shops,
          nicolae_shop_competitors_out_of_business, uniq_erica
D:10:     layout_cross
Temple:   chequers_temple_sunken
Lair:1:   layout_long_grid, grunt_megastairs_2
Lair:2:   layout_regular_city, shoals_dummy_entry, minmay_holes, uniq_gastronok
Lair:3:   layout_cave_pods, dummy_snake_entry

Skill      XL: |  1  2  3  4  5  6  7  8  9 10 11 12 |
---------------+-------------------------------------+-----
Axes           | 3 4 5 6 7 9 11 13 16 | 16.0
Fighting       | 4 8 11 | 11.0
Armour         | 4 8 11 | 11.0
Dodging        | 6 |  6.1
Invocations    | 1 4 |  4.3
Shields        | |  3.6

Action                   |  1- 3 |  4- 6 |  7- 9 | 10-12 || total
-------------------------+-------+-------+-------+-------++-------
Melee: War axe           |   109 |   103 |   279 |   366 ||   857
       Headbutt          |    13 |    11 |    52 |    72 ||   148
       Scimitar          |       |       |       |     7 ||     7
  Use: Scroll            |     8 |     8 |    12 |     9 ||    37
       Potion            |       |     1 |     3 |     2 ||     6
 Stab: Sleeping          |       |       |     2 |       ||     2
  Eat: Chunk             |     2 |     4 |     8 |    19 ||    33
       Ration            |       |       |     1 |       ||     1
Armor: Scale mail        |    56 |    46 |    25 |       ||   127
       Ring mail         |       |       |    78 |   171 ||   249
       Skin              |       |       |       |    10 ||    10
Dodge: Dodged            |    36 |    35 |    75 |   110 ||   256
Block: Shield            |    69 |    65 |   106 |   151 ||   391
       Rpst.: Scimitar   |       |       |       |     1 ||     1

Table legend:
 A = Non-vault XP
 B = Vault XP
 C = Vault XP percentage of total XP
 D = Non-vault monster count
 E = Vault monster count
 F = Vault count percentage of total count
                 A         B        C        D         E       F
            +---------+---------+-------+---------+---------+-------
      Total |   12330 |   12157 |  49.6 |     180 |      90 |  33.3
            +---------+---------+-------+---------+---------+-------
        D:1 |      15 |       3 |  16.7 |       9 |       2 |  18.2
        D:2 |      46 |       0 |   0.0 |      21 |       0 |   0.0
        D:3 |     174 |      28 |  13.9 |      23 |       8 |  25.8
        D:4 |     354 |     212 |  37.5 |      17 |       6 |  26.1
        D:5 |     485 |     490 |  50.3 |      13 |      14 |  51.9
        D:6 |     243 |    2790 |  92.0 |      12 |      20 |  62.5
        D:7 |     499 |       0 |   0.0 |      11 |       0 |   0.0
        D:8 |     549 |    3622 |  86.8 |      12 |      22 |  64.7
        D:9 |     539 |     930 |  63.3 |      14 |       2 |  12.5
       D:10 |    1587 |       0 |   0.0 |      17 |       0 |   0.0
     Temple |       3 |       0 |   0.0 |       1 |       0 |   0.0
     Lair:1 |    1417 |    1587 |  52.8 |       5 |       6 |  54.5
     Lair:2 |    3629 |    2359 |  39.4 |      16 |       1 |   5.9
     Lair:3 |    2790 |       0 |   0.0 |       9 |       0 |   0.0
      Sewer |       0 |     136 | 100.0 |       0 |       9 | 100.0
            +---------+---------+-------+---------+---------+-------
